 Dungeon Crawl Stone Soup version 0.27-a0-1065-ge809cff456 (webtiles) character file.

Game seed: 15581561018259620196

5532 1player the Fighter (level 10, -1/68 HPs)
             Began as a Tengu Summoner on Apr 23, 2021.
             Was a Priest of Ru.
             Slain by a cane toad (7 damage)
             ... on level 9 of the Dungeon.
             The game lasted 00:53:09 (15746 turns).

1player the Fighter (Tengu Summoner)               Turns: 15746, Time: 00:53:10

Health: -1/68      AC: 10    Str: 12    XL:     10   Next: 71%
Magic:  13/14      EV: 18    Int: 16    God:    Ru [***...]
Gold:   399        SH:  0    Dex: 14    Spells: 7/13 levels left

rFire    . . .     SeeInvis .   c - +3 dagger (vorpal)
rCold    + . .     Faith    .   (shield unavailable)
rNeg     . . .     Spirit   .   t - +2 leather armour {rC+}
rPois    .         Reflect  .   (helmet restricted)
rElec    .         Harm     .   P - scarf {+Inv}
rCorr    .         Rampage  .   y - +0 pair of gloves
Will     .....                  (boots unavailable)
Stlth    ++........             (no amulet)
HPRegen  0.21/turn              (ring unavailable)
MPRegen  0.14/turn              I - +4 ring of protection

@: flying quickly and evasively, quick
A: beak, talons 3, missing a hand, nimble flight
a: Renounce Religion, Evoke Invisibility, Draw Out Power


You were on level 9 of the Dungeon.
You worshipped Ru.
Ru was most pleased with you.
You visited 3 branches of the dungeon, and saw 12 of its levels.
You also visited: Sewer.

You collected 459 gold pieces.
You spent 60 gold pieces at shops.

Inventory:

Hand Weapons
 c - a +3 vorpal dagger (weapon)
 T - a +2 dagger of draining
Missiles
 N - a curare-tipped dart
Armour
 t - a +2 leather armour of cold resistance (worn)
 y - a +0 pair of gloves (worn)
 P - a scarf of invisibility (worn)
 S - a +0 troll leather armour
Magical Staves
 j - a staff of conjuration
 Q - a staff of earth
Jewellery
 h - a ring of resist corrosion
 p - a +6 ring of intelligence
 I - a +4 ring of protection (right hand)
Wands
 k - a wand of flame (75)
 L - a wand of digging (3)
Scrolls
 i - 4 scrolls of teleportation
 r - a scroll of enchant weapon
 u - a scroll of silence {!r}
 x - a scroll of enchant armour
 C - a scroll of amnesia
 K - a scroll of brand weapon
 O - a scroll of holy word
 U - a scroll of vulnerability {unknown}
 V - a scroll of identify {@r1}
Potions
 l - a potion of resistance
 E - a potion of mutation {!q}
 F - a potion of attraction


   Skills:
 - Level 10.0 Fighting
 - Level 8.0 Dodging
 - Level 2.0 Stealth
 - Level 2.0 Spellcasting
 - Level 10.0 Summonings
 + Level 4.4 Ice Magic


You had 7 spell levels left.
You knew the following spells:

 Your Spells              Type           Power      Damage    Failure   Level
e - Call Canine Familiar  Summ           33%        N/A       1%          3
q - Summon Small Mammal   Summ           100%       N/A       1%          1
w - Call Imp              Summ           33%        N/A       1%          2

Your spell library contained the following spells:

 Spells                   Type           Power      Damage    Failure   Level
 Summon Guardian Golem    Hex/Summ       17%        N/A       10%         3
 Summon Ice Beast         Ice/Summ       24%        N/A       14%         4
 Ensorcelled Hibernation  Hex/Ice        16%        N/A       16%         2
 Corona                   Hex            1%         N/A       26%         1
 Sandblast                Erth           2%         2d4       26%         1
 Summon Lightning Spire   Summ/Air       17%        N/A       32%         4
 Passwall                 Tmut/Erth      0%         N/A       36%         2
 Confusing Touch          Hex            1%         N/A       61%         3
 Dazzling Flash           Conj/Hex       2%         N/A       61%         3
 Stone Arrow              Conj/Erth      2%         3d7       61%         3
 Tukima's Dance           Hex            1%         N/A       61%         3
 Petrify                  Tmut/Erth      1%         N/A       95%         4
 Lee's Rapid Deconstruct  Erth           0%         3d5*      100%        5


Dungeon Overview and Level Annotations

Branches:
Dungeon (10/15)            Temple (1/1) D:7            Lair (1/6) D:9
  Sewer (visited)
    Orc: D:9-12

Altars:
Ashenzari
Cheibriados
Dithmenos
Elyvilon
Fedhas
Gozag
Hepliaklqana
Kikubaaqudgha
Makhleb
Nemelex Xobeh
Qazlal
Ru
Sif Muna
Uskayaw
Vehumet
Wu Jian
Xom
Zin
The Shining One

Shops:
D:4 (   D:8 *

Annotations:
D:8 exclusion: downstairs
D:9 1 runed translucent door, senseless's ghost, novice MiFi
D:10 3 runed translucent doors, Mgcat's ghost, journeyman DjTm


Innate Abilities, Weirdness & Mutations

You have a beak for a mouth.
You have claws for feet.
You are missing a hand.
Your magical nature lets you fly swiftly and evasively.


Message History

The wolf closely misses you. The wolf bites you but does no damage.
The wolf completely misses you. The wolf closely misses you.
The wolf bites you but does no damage. The wolf closely misses you.
You redirect the wolf's attack!
The wolf misses itself.
The wolf barely misses you.
Your white imp hits the cane toad but does no damage.
The wolf bites you but does no damage. x2
The wolf misses you. x2
The wolf barely misses you. The wolf misses you.
Your white imp gestures at the wolf.
The puff of frost hits the cane toad!
The wolf barely misses you. The wolf bites you! The wolf misses you.
The wolf misses you.
There is a staircase back to the Dungeon here.
The wolf barely misses you. The cane toad stings you!
You are poisoned.
The cane toad poisons you!
You fly upwards.
Welcome back to the Dungeon!
Level annotation: 1 runed translucent door, senseless's ghost, novice MiFi You feel very sick.
There is a staircase to the Lair here.
You feel very sick.
You feel sick. The wolf completely misses you.
You feel sick.
You feel sick. The cane toad stings you!!
* * * LOW HITPOINT WARNING * * *
The wolf splashes around in the water.
You feel better. The cane toad closely misses you. The wolf barely misses you.
The cane toad stings you!
* * * LOW HITPOINT WARNING * * *
Okay, then.
Okay, then.
Okay, then.
Unknown command.
Okay, then.
The cane toad completely misses you. The cane toad stings you!
You die...

##≈≈≈≈≈.....≈≈.≈.#####.....<#...
#≈≈≈≈≈≈.>.≈.≈≈≈.# #..###.#.#.
#≈≈≈≈≈≈....≈≈≈..### ##.###...#.
#≈≈≈≈≈.≈.≈.≈≈≈≈.#.# #..######.
#≈≈≈≈≈≈≈≈≈≈≈≈.....# ##.## #.
###≈..≈≈≈≈≈≈≈≈≈.....# #..# #.
.....)≈≈≈≈≈.≈.≈≈≈.#.# ##.## ##
.)...≈≈.≈.≈≈.h.F≈...# #..# #.
.....≈≈..≈.≈....@.#########.## #.
....≈.............<......##..# #.
.......................#.###.####
.........##########..............
.......)## ####.##.#.####.#..
........# #.##.##.#.# #.#..
........# #....##...# #.#..
........########'######### #.##.
.........(.............# #.##.


You could see a cane toad and a wolf.

Vanquished Creatures
  A two-headed ogre (D:8)
  Joseph (D:7)
  2 trolls (D:9)
  A wraith (D:8)
  2 yaks (D:8)
  A steam dragon (D:8)
  An ice beast (D:5)
  2 orc warriors
  4 necrophages
  An ogre (D:2)
  2 wolves (D:9)
  2 centaurs
  A kobold brigand (D:9)
  A bullfrog (D:7)
  A scorpion (D:5)
  A wyvern skeleton (D:5)
  5 killer bees
  3 howler monkeys
  3 wights
  2 electric eels (D:9)
  A centaur zombie (D:10)
  2 orc priests
  5 hounds
  A jelly (D:7)
  A centaur skeleton (D:6)
  4 iguanas
  Natasha (twice) (D:3)
  4 orc wizards
  A killer bee zombie (D:8)
  A hound zombie (D:5)
  4 adders
  A shadow imp (D:6)
  2 ufetubi
  A dart slug (D:5)
  7 orcs
  2 ball pythons
  6 endoplasms
  2 giant cockroaches
  A goblin (D:1)
  2 jackals (Sewer)
  3 quokkas
  3 bats
  3 frilled lizards
  7 kobolds
  4 rats
107 creatures vanquished.

Vanquished Creatures (collateral kills)
  Josephine (D:10)
  A troll (D:9)
  A yak (D:9)
  A wyvern (D:8)
  A wraith (D:10)
  A water moccasin (D:9)
  Purgy (Sewer)
  2 orc warriors
  A wolf (D:8)
  A phantom (D:5)
  A kobold brigand (D:8)
  A killer bee (D:9)
  5 wights
  3 hounds
  An orc priest (D:6)
  2 jellies
  Natasha (D:3)
  3 orc wizards
  2 adders
  3 gnolls (D:4)
  An adder skeleton (D:2)
  A worm (D:2)
  4 dart slugs
  9 orcs
  3 ball pythons
  5 bats
  4 endoplasms
  3 goblins
  4 hobgoblins
  2 jackals (D:3)
  12 kobolds
  2 rats (D:1)
83 creatures vanquished.

Vanquished Creatures (others)
  A kobold (D:9)
  A fungus (Lair:1)
2 creatures vanquished.

Grand Total: 192 creatures vanquished

Notes
Turn   | Place    | Note
-------+----------+-------------------------------------------
     0 | D:1      | 1player the Tengu Summoner began the quest for the Orb.
     0 | D:1      | Reached XP level 1. HP: 10/10 MP: 4/4
   103 | D:1      | Reached skill level 5 in Summonings
   512 | D:1      | Reached XP level 2. HP: 15/15 MP: 3/6
  1149 | D:1      | Reached XP level 3. HP: 19/19 MP: 3/7
  1362 | D:2      | Learned a level 2 spell: Call Imp
  1708 | D:2      | Found a faded altar of an unknown god.
  2193 | D:3      | Reached XP level 4. HP: 20/24 MP: 4/8
  2417 | D:3      | Noticed an ogre
  2521 | D:3      | Noticed Natasha
  2727 | D:3      | Killed Natasha
  2809 | D:3      | Noticed Natasha
  2816 | D:3      | Killed Natasha
  2841 | D:3      | Noticed Natasha
  2858 | D:3      | Killed Natasha
  2859 | D:3      | Reached skill level 1 in Fighting
  3053 | D:2      | Gained mutation: Your magical nature lets you fly swiftly
                  | and evasively. [Tengu growth]
  3053 | D:2      | Reached XP level 5. HP: 6/30 MP: 3/9
  3310 | D:2      | Killed an ogre
  3539 | D:4      | Found Caklaxem's Antique Weapon Shoppe.
  3821 | D:4      | Reached XP level 6. HP: 37/37 MP: 5/10
  4126 | D:5      | Entered Level 5 of the Dungeon
  4516 | D:5      | Noticed an ice beast
  4545 | D:5      | Killed an ice beast
  4670 | D:5      | Noticed a necrophage
  4687 | D:5      | Killed a necrophage
  4688 | D:5      | Reached XP level 7. HP: 38/44 MP: 5/11
  4819 | D:5      | Reached skill level 5 in Dodging
  4843 | D:5      | Reached skill level 5 in Fighting
  5090 | D:5      | Reached skill level 1 in Shields
  6025 | D:6      | Found a glowing drain.
  6029 | Sewer    | Entered a sewer
  6108 | Sewer    | Noticed Purgy
  6124 | Sewer    | Killed Purgy
  6125 | Sewer    | Reached XP level 8. HP: 49/49 MP: 6/12
  6884 | D:7      | Found a staircase to the Ecumenical Temple.
  6895 | Temple   | Entered the Ecumenical Temple
  7075 | Temple   | Became a worshipper of Ru the Awakened
  7188 | D:7      | Noticed Joseph
  8092 | D:7      | Killed Joseph
  8560 | D:8      | Learned a level 3 spell: Call Canine Familiar
  8750 | D:8      | Reached XP level 9. HP: 54/59 MP: 13/13
  9258 | D:8      | Found a glowing silver altar of Zin.
  9408 | D:8      | Found Quryhageamp's Assorted Antiques.
  9415 | D:8      | Bought a scroll labelled JUANKYO BUHO for 30 gold pieces
  9415 | D:8      | Bought a scroll labelled ALUCULU NILA for 30 gold pieces
  9934 | D:8      | Noticed a two-headed ogre
 10241 | D:8      | Killed a two-headed ogre
 10242 | D:8      | Reached skill level 10 in Fighting
 10397 | D:9      | Noticed a troll
 10522 | D:9      | Noticed a troll
 11038 | D:9      | Killed a troll
 11113 | D:9      | Gained mutation: You are missing a hand. [Ru sacrifice]
 11113 | D:9      | Reached * piety under Ru
 11113 | D:9      | Reached ** piety under Ru
 11113 | D:9      | Reached *** piety under Ru
 11342 | D:9      | Found a staircase to the Lair.
 11380 | D:9      | Reached XP level 10. HP: 68/68 MP: 10/14
 13465 | D:9      | Reached skill level 10 in Summonings
 13577 | D:9      | Found a glowing golden altar of the Shining One.
 13626 | D:9      | Found a runed translucent door.
 13626 | D:9      | Noticed senseless's ghost (novice MiFi)
 13891 | D:10     | Entered Level 10 of the Dungeon
 14101 | D:10     | Reached skill level 1 in Ice Magic
 14294 | D:10     | Noticed a cyclops
 14295 | D:10     | Found a runed translucent gate.
 14295 | D:10     | Found a runed translucent gate.
 14295 | D:10     | Found a runed translucent gate.
 14295 | D:10     | Noticed Mgcat's ghost (journeyman DjTm)
 14296 | D:10     | Noticed a two-headed ogre
 14300 | D:10     | Noticed a deep elf pyromancer
 14643 | D:10     | Found a hazy altar of Hepliaklqana.
 14814 | D:10     | Noticed Josephine
 14849 | D:10     | Killed Josephine
 15351 | D:10     | Noticed an unseen horror
 15686 | Lair:1   | Entered Level 1 of the Lair of Beasts
 15710 | Lair:1   | Noticed a cane toad
 15746 | D:9      | Slain by a cane toad

Illustrated notes

Levels and vault maps discovered:
D:1:      minmay_arrival_solitary_statue, layout_rooms, serial_park_tiny_2,
          serial_bayou_crossing
D:2:      layout_rooms, ebering_ecumenical_altar_rust
D:3:      layout_basic, hangedman_decor_points, uniq_natasha
D:4:      layout_rooms, serial_shops, nicolae_shop_stone, minivault_4
D:5:      layout_loops_corners
D:6:      layout_basic, gup_sewer_entry_bowl
D:7:      layout_basic, minmay_temple_entry_steel_oval, uniq_joseph
D:8:      layout_rooms, zin_statuary, serial_shops, shop
D:9:      layout_basic, nicolae_tso_carved_into_rock, erik_lair_island,
          gammafunk_ghost_grave, eino_tiny_chamber, abandoned_shop
D:10:     lemuel_flame_loot_2, layout_loops_corners,
          minmay_overflow_temple_star_quad, lemuel_doored_altar,
          gammafunk_ghost_split, minmay_joined_circles, uniq_josephine
Temple:   eino_temple_scatter_basement
Lair:1:   layout_small_grid, serial_bayou_lagoon_b

Skill      XL: |  1  2  3  4  5  6  7  8  9 10 |
---------------+-------------------------------+-----
Summonings     | 5 6 7 9 10 | 10.0
Dodging        | 3 4 5 6 8 |  8.0
Fighting       | 2 3 4 5 7 10 | 10.0
Shields        | 4 0 |  0.0
Ice Magic      | 4 |  4.4
Stealth        | |  2.0
Spellcasting   | |  2.0

Action                   |  1- 3 |  4- 6 |  7- 9 | 10-12 || total
-------------------------+-------+-------+-------+-------++-------
Melee: Dagger            |    39 |    55 |   226 |   162 ||   482
       Kick              |     5 |    14 |    73 |    36 ||   128
       Peck              |     4 |    11 |    27 |    22 ||    64
Throw: Dart              |       |       |     1 |       ||     1
 Cast: Summon Small Mamm |    44 |    17 |    43 |     2 ||   106
       Call Imp          |     5 |    33 |    59 |    44 ||   141
       Call Canine Famil |       |       |    12 |    38 ||    50
Invok: Sacrifice a Hand  |       |       |     1 |       ||     1
Evoke: Wand              |       |       |     8 |    10 ||    18
  Use: Scroll            |     4 |     4 |    14 |     6 ||    28
       Potion            |       |     2 |     5 |     4 ||    11
 Stab: Sleeping          |     3 |       |       |     1 ||     4
       Distracted        |       |       |     2 |     8 ||    10
Armor: Robe              |    14 |     4 |       |       ||    18
       Leather armour    |       |     4 |    55 |    47 ||   106
       Skin              |       |       |       |    17 ||    17
Dodge: Dodged            |    62 |    43 |   221 |   184 ||   510
Block: Buckler           |       |       |    45 |       ||    45

Table legend: (Time is in decaauts)
 A = Elapsed time spent in this place.
 B = Non-inter-level travel time spent in this place.
 C = Inter-level travel time spent in this place.
 D = Time resting spent in this place.
 E = Time spent auto-exploring this place.
 F = Levels seen in this place.
 G = Mean time per level.
                   A        B        C        D        E       F      G
               +--------+--------+--------+--------+--------+-----+--------+
         Total |  15204 |  14476 |    728 |   6295 |   3616 |  13 | 1169.5 |
       Dungeon |  14800 |  14096 |    704 |   6243 |   3424 |  10 | 1480.0 |
        Temple |    171 |    147 |     24 |      0 |    139 |   1 |  171.0 |
          Lair |     46 |     46 |      0 |      0 |      0 |   1 |   46.0 |
         Sewer |    185 |    185 |      0 |     52 |     52 |   1 |  185.0 |
               +--------+--------+--------+--------+--------+-----+--------+

Top non-repeatable levels by time:
     D:9: 2697 daAuts
     D:7: 2013 daAuts
     D:8: 1920 daAuts
     D:5: 1386 daAuts
     D:6: 1354 daAuts
    D:10: 1345 daAuts
     D:1: 1341 daAuts
     D:2: 1237 daAuts
     D:3: 847 daAuts
     D:4: 656 daAuts
   Sewer: 185 daAuts
  Temple: 171 daAuts
  Lair:1: 46 daAuts
